 Dungeon Crawl Stone Soup version 0.15.0-14-g6bbbb5c (webtiles) character file.

2305 Johnny the Gusty (level 8, -4/59 HPs)
             Began as a Demigod Air Elementalist on Sept 5, 2014.
             Splashed by a jelly's acid (11 damage)
             ... on Level 7 of the Dungeon.
             The game lasted 00:27:14 (9225 turns).

Johnny the Gusty (Demigod Air Elementalist)         Turns: 9225, Time: 00:27:15

HP  -4/59        AC -6     Str 13      XL: 8   Next: 97%
MP  10/23        EV 10     Int 22      God:
Gold 433         SH  0     Dex 17      Spells:  5 memorised,  5 levels left

rFire  + . .     SeeInvis .     y - staff of conjuration
rCold  . . .     Clarity  .     o - +2 ring mail {rC+}
rNeg   . . .     rCorr    .     (no shield)
rPois  +         rRot     .     (no helmet)
rElec  .         Spirit   .     (no cloak)
SustAb .         Warding  .     (no gloves)
rMut   .         Stasis   .     F - +0 pair of boots
Gourm  .                        q - amulet of rage
MR     .....                    h - ring of fire
                                i - ring of poison resistance

@: corroded equipment, repel missiles, not resistant to hostile enchantments,
unstealthy
A: no striking features
a: Evoke Berserk Rage


You were on level 7 of the Dungeon.
You were not hungry.

You visited 1 branch of the dungeon, and saw 7 of its levels.

You collected 433 gold pieces.

Inventory:

Hand weapons
 r - the +8 autumn katana {slice, Clar}
   (You found it on level 5 of the Dungeon)

   It inflicts extra damage upon your enemies.
   It protects you against confusion.
 w - a +5 short sword of protection
Missiles
 s - a throwing net (quivered)
Armour
 o - a +2 ring mail of cold resistance (worn)
 F - a +0 pair of boots (worn)
Comestibles
 c - 5 bread rations
 l - a meat ration
 x - 2 beef jerkies
 D - a slice of pizza
 E - 3 fruits
Scrolls
 d - a scroll of recharging
 e - a scroll of magic mapping
 f - a scroll of amnesia
 j - 2 scrolls of fear
 n - 5 scrolls of remove curse
 p - 2 scrolls of teleportation
 t - 2 scrolls of blinking
 u - a scroll of fog
Jewellery
 h - a ring of fire (right hand)
 i - a ring of poison resistance (left hand)
 k - an uncursed ring of ice
 q - an amulet of rage (around neck)
Potions
 a - a potion of might {unknown}
 g - 2 potions of restore abilities
 m - a potion of brilliance {unknown}
 v - a potion of magic {unknown}
 z - 2 potions of curing {unknown}
 A - a potion of heal wounds {unknown}
 B - a potion of agility {unknown}
 H - a potion of confusion {unknown}
Books
 b - a book of Air

   Spells                             Type                      Level
   *Shock                             Conjuration/Air              1
   *Swiftness                         Charms/Air                   2
   *Repel Missiles                    Charms/Air                   2
   Flight                             Charms/Air                   3
   *Static Discharge                  Conjuration/Air              3
   *Lightning Bolt                    Conjuration/Air              5
Magical staves
 y - an uncursed staff of conjuration (weapon)


   Skills:
 + Level 1.5 Fighting
 + Level 1.0 Long Blades
   Level 0.1 Axes
 + Level 0.1 Throwing
 + Level 3.5 Armour
 + Level 3.7 Dodging
 + Level 2.5 Stealth
 + Level 5.5 Spellcasting
 + Level 5.3 Conjurations
 + Level 5.8 Air Magic


You had 5 spell levels left.
You knew the following spells:

 Your Spells              Type           Power        Failure   Level  Hunger
a - Shock                 Conj/Air       ####         1%          1    None
b - Static Discharge      Conj/Air       #####...     3%          3    ##.....
c - Lightning Bolt        Conj/Air       #####.....   34%         5    #####..
d - Repel Missiles        Chrm/Air       ###...       8%          2    None
e - Swiftness             Chrm/Air       ###.....     8%          2    None


Dungeon Overview and Level Annotations

Branches:
Dungeon (7/15)             Temple (0/1) D:4


Message History

The jelly is severely wounded.
The lightning arcs!
You are struck by lightning.
The lightning grounds out.
The jelly barely misses you.
Casting: Static Discharge
Confirm with . or Enter, or press ? or * to list all spells.
You feel a surge of power!
The jelly is struck by lightning.
The jelly is almost dead.
The lightning arcs!
You are struck by lightning.
The lightning grounds out.
The jelly hits you.
You are splashed with acid!
The acid burns!
* * * LOW HITPOINT WARNING * * *
Casting: Static Discharge
Confirm with . or Enter, or press ? or * to list all spells.
You feel a surge of power!
The jelly is struck by lightning.
The jelly is almost dead.
The lightning arcs!
You are struck by lightning.
* * * LOW HITPOINT WARNING * * *
The lightning grounds out.
The jelly hits you.
* * * LOW HITPOINT WARNING * * *
You are splashed with acid!
The acid corrodes your equipment!
The acid burns!
You die...

#..#
##############..###
..................#
######.#####......#####
#...# ###...###..##
#...# #...##....#
#####...# ###.##....#
........# #.##....#
#####...# ###@J....##
#####...# #.(...##.#
...##...# ##.###.##.#
...##..## ###..#
#.##.### ...#..##
#...## #......# ...#.##
###.### ####.#.##
.....####...#### #.#..#
...............###
#.##.#
.>#.#####.####..)#
#.##.#


You could see a jelly.

Vanquished Creatures
  A sky beast (D:6)
  A black bear (D:6)
  2 ice beasts
  2 phantoms
  4 ogres
  An orc warrior (D:6)
  A big kobold (D:7)
  2 giant frogs
  5 scorpions
  3 crimson imps
  6 orc priests
  A giant frog zombie (D:5)
  3 hounds
  A jelly (D:7)
  Natasha (twice) (D:4)
  5 orc wizards
  An ogre zombie (D:7)
  Ijyb (D:3)
  A big kobold zombie (D:7)
  5 adders
  4 gnolls (D:4)
  4 worms
  An adder skeleton (D:7)
  29 orcs
  A bat skeleton (D:4)
  A bat zombie (D:6)
  5 giant cockroaches
  A gnoll zombie (D:7)
  9 hobgoblins
  4 quokkas
  2 ball pythons
  7 bats
  9 giant geckos
  4 giant newts
  12 goblins
  A goblin zombie (D:5)
  A hobgoblin zombie (D:6)
  13 kobolds
  8 rats
  A butterfly (D:4)
165 creatures vanquished.

Notes
Turn   | Place    | Note
--------------------------------------------------------------
     0 | D:1      | Johnny, the Demigod Air Elementalist, began the quest for the Orb.
     0 | D:1      | Reached XP level 1. HP: 14/14 MP: 3/3
    16 | D:1      | Reached skill level 1 in Conjurations
   798 | D:1      | Reached XP level 2. HP: 20/20 MP: 3/5
  1272 | D:2      | Reached skill level 3 in Air Magic
  1453 | D:2      | Reached XP level 3. HP: 26/26 MP: 6/8
  1546 | D:2      | Reached skill level 1 in Armour
  2038 | D:2      | Learned a level 3 spell: Static Discharge
  2590 | D:3      | Reached XP level 4. HP: 26/33 MP: 1/11
  2858 | D:3      | Noticed Ijyb
  2888 | D:3      | Killed Ijyb
  3481 | D:3      | Noticed a phantom
  3488 | D:3      | Reached XP level 5. HP: 38/38 MP: 7/13
  4206 | D:3      | Killed a phantom
  4325 | D:3      | Reached XP level 6. HP: 45/45 MP: 9/17
  5134 | D:4      | Reached skill level 4 in Air Magic
  5261 | D:4      | Found a staircase to the Ecumenical Temple.
  5396 | D:4      | Noticed Natasha
  5401 | D:4      | Killed Natasha
  5565 | D:4      | Noticed Natasha
  5575 | D:4      | Killed Natasha
  5702 | D:5      | Entered Level 5 of the Dungeon
  5708 | D:5      | Reached XP level 7. HP: 46/51 MP: 12/19
  6338 | D:5      | Reached skill level 1 in Fighting
  6831 | D:5      | Reached skill level 5 in Air Magic
  6831 | D:5      | Reached XP level 8. HP: 46/59 MP: 22/22
  7189 | D:6      | Reached skill level 5 in Spellcasting
  7314 | D:6      | Reached skill level 1 in Long Blades
  7490 | D:6      | Reached skill level 5 in Conjurations
  8401 | D:7      | Learned a level 5 spell: Lightning Bolt
  9079 | D:7      | Learned a level 2 spell: Repel Missiles
  9083 | D:7      | Learned a level 2 spell: Swiftness
  9225 | D:7      | Splashed by a jelly's acid

Action                   |  1- 3 |  4- 6 |  7- 9 || total
-------------------------+-------+-------+-------++-------
Melee: Hand axe          |    33 |    45 |       ||    78
       Club              |     7 |       |       ||     7
       Unarmed           |     5 |       |       ||     5
       Short sword       |       |    43 |    32 ||    75
       Katana            |       |       |    28 ||    28
Throw: Throwing net      |       |     1 |     2 ||     3
 Cast: Shock             |    73 |   131 |   142 ||   346
       Static Discharge  |     1 |    22 |    51 ||    74
       Lightning Bolt    |       |       |     3 ||     3
       Repel Missiles    |       |       |     1 ||     1
  Use: Scroll            |     4 |     8 |    10 ||    22
       Potion            |       |     1 |       ||     1
  Eat: Chunk             |     2 |     6 |    12 ||    20
       Bread ration      |     1 |     1 |       ||     2
       Fruit             |       |     1 |     2 ||     3
       Beef jerky        |       |       |     1 ||     1
